Blue Jackets vs Flames
Created - March 23, 2018 at 19:21
Goals
|
Blue Jackets |
0 |
1 |
0 |
0 |
0 |
1 |
Flames |
0 |
1 |
0 |
0 |
2 |
2 |
|
Shots
|
Blue Jackets |
2 |
9 |
9 |
0 |
2 |
20 |
Flames |
9 |
17 |
10 |
0 |
2 |
36 |
|
1st period
No Goal
Penalties :
Tim Ramholt (Clb) for Slashing (Minor) at 10:27, A.J Thelen (Clb) for Roughing (Minor) at 13:12
2nd period
1. Flames , Eric Staal 35 (Alexander Semin 54) at 5:59 (PP)
2. Blue Jackets , Mike York 11 (Andreas Nodl 13, Kevin Porter 12) at 7:38
Penalties :
Andreas Nodl (Clb) for Hooking (Minor) at 1:15, François Beauchemin (Clb) for Tripping (Minor) at 5:45, Jordin Tootoo (Cal) for Interference (Minor) at 9:56
3rd period
No Goal
Penalties :
Steve Eminger (Cal) for Cross-checking (Minor) at 5:46, Tim Ramholt (Clb) for Interference (Minor) at 8:01, Sami Vatanen (Cal) for Slashing (Minor) at 11:04
Overtime #1
No Goal
Penalties :
No Penalty
Shootout
Penalty Shot by David Booth for Blue Jackets - Stopped by Pekka Rinne
Penalty Shot by Eric Staal for Flames - Goal!
Penalty Shot by Martin Havlat for Blue Jackets - Shot Misses the Net
Penalty Shot by Alexander Semin for Flames - Goal!
Penalties :
No Penalty
Goalie Stats
Rick DiPietro (Clb), 35 saves from 36 shots - (0.972), OTL, 26-28-3, 65:00 minutes
Pekka Rinne (Cal), 19 saves from 20 shots - (0.950), W, 28-19-5, 65:00 minutes
Players Stats for Blue Jackets
Player Name G A P +/- PIM S H SB GA TA FO MP PP MP PK MP
------------------------------------------------------------------------------------
A.J Thelen 0 0 0 0 2 0 0 0 0 0 0/0 8:21 0:00 0:00
Andreas Nodl 0 1 1 1 2 3 2 0 0 0 0/0 16:30 0:00 0:00
Branislav Mezei 0 0 0 0 0 3 3 1 1 2 0/0 27:53 3:32 4:47
Dave Steckel 0 0 0 0 0 0 1 1 0 0 7/13 16:52 2:31 0:22
David Booth 0 0 0 0 0 2 1 0 1 1 5/11 25:33 3:26 4:17
François Beauchemin 0 0 0 0 2 0 2 0 1 0 0/0 19:26 2:25 3:23
Jeff Taffe 0 0 0 0 0 0 0 0 0 0 1/1 9:02 0:00 1:31
Kevin Porter 0 1 1 1 0 0 3 1 0 0 1/5 17:00 0:00 1:18
Martin Havlat 0 0 0 0 0 3 1 3 1 0 1/3 25:35 3:26 4:02
Mike Brown 0 0 0 0 0 1 1 0 0 1 0/0 16:24 2:31 0:00
Mike Commodore 0 0 0 0 0 0 0 0 0 0 0/0 7:33 0:00 0:00
Mike Lundin 0 0 0 0 0 1 2 0 1 1 0/0 27:48 3:32 4:47
Mike York 1 0 1 1 0 2 2 0 0 1 1/1 18:09 0:00 2:25
Peter Mueller 0 0 0 0 0 3 0 0 1 0 3/14 15:25 3:26 0:00
Peter Worrell 0 0 0 0 0 2 5 0 0 0 1/1 20:06 2:31 2:25
Ryan O'Byrne 0 0 0 0 0 0 0 2 0 3 0/0 19:27 2:25 3:23
Tim Ramholt 0 0 0 1 4 0 0 1 0 0 0/0 9:58 0:00 0:00
Torey Krug 0 0 0 1 0 0 3 0 0 1 0/0 10:43 0:00 0:00
Players Stats for Flames
Player Name G A P +/- PIM S H SB GA TA FO MP PP MP PK MP
------------------------------------------------------------------------------------
Alexander Semin 0 1 1 -1 0 7 1 1 0 1 1/1 23:27 4:30 2:47
Brad Marchand 0 0 0 0 0 3 0 0 0 0 0/0 14:54 1:01 1:00
Colin Wilson 0 0 0 0 0 1 2 0 0 1 3/4 12:37 0:00 0:05
David Backes 0 0 0 -1 0 5 3 1 1 0 0/1 18:25 4:40 0:00
Derek Meech 0 0 0 0 0 1 2 0 0 0 0/0 20:49 5:09 2:04
Eric Staal 1 0 1 -1 0 3 1 1 2 0 17/22 23:46 4:40 3:02
Erik Johnson 0 0 0 -1 0 2 3 2 0 1 0/0 27:40 5:09 2:52
Jonathan Ferland 0 0 0 0 0 1 1 1 0 0 0/0 8:13 0:12 0:00
Jordin Tootoo 0 0 0 0 2 0 3 1 1 0 0/0 18:45 3:18 2:05
Lubomir Visnovsky 0 0 0 0 0 1 1 2 0 0 0/0 22:55 0:00 3:53
Marcus Nilson 0 0 0 0 0 2 2 1 0 0 0/0 8:11 0:00 0:05
Michel Ouellet 0 0 0 0 0 2 0 1 1 0 0/0 12:30 0:00 0:00
Mikhail Grabovski 0 0 0 0 0 0 1 1 1 0 4/10 11:27 0:12 2:50
Patrik Berglund 0 0 0 0 0 1 3 0 1 1 4/11 16:37 3:18 0:00
Ron Hainsey 0 0 0 0 0 0 1 0 1 1 0/0 15:20 3:01 0:36
Sami Vatanen 0 0 0 -1 2 0 0 0 1 0 0/0 21:58 3:01 0:00
Steve Eminger 0 0 0 0 2 4 1 0 1 1 0/0 21:21 0:00 2:29
Steve Regier 0 0 0 0 0 3 2 0 0 0 0/0 15:05 2:39 0:00
3 Stars
1 - Rick DiPietro (Clb)
2 - Mike York (Clb)
3 - Pekka Rinne (Cal)
Power Play
Blue Jackets - 0 on 3 Attempt(s) - 0.00%
Flames - 1 on 5 Attempt(s) - 20.00%
Penalty Kill
Blue Jackets - 4 on 5 Attempt(s) - 80.00%
- Score 0 goal in Penalty Kill
Flames - 3 on 3 Attempt(s) - 100.00%
- Score 0 goal in Penalty Kill
Team Stat
Blue Jackets - Hits : 26 - Faceoff Wins : 20 - Blocked Shots : 9 - Penalty Minutes : 10
Flames - Hits : 27 - Faceoff Wins : 29 - Blocked Shots : 12 - Penalty Minutes : 6
Official
Referees : Charron Francis and StPierre Justin
Linesman : Darren Gibbs and Brad Lazarowich
Game Notes
No Game Note
Finance
Level 1 -- Attendance: 5121 (85.35%) -- Ticket Income $466,011
Level 2 -- Attendance: 4104 (82.08%) -- Ticket Income $233,928
Level 3 -- Attendance: 1518 (75.90%) -- Ticket Income $57,684
Level 4 -- Attendance: 2829 (70.73%) -- Ticket Income $79,212
Luxury Box -- Attendance: 793 (79.30%) -- Ticket Income $130,052
Game was played at the Metal Center.
Total Attendance: 14365 (79.81%)
Total Ticket Income: $966,887
Other Income: $145,033
Total Income: $1,111,920
Blue Jackets
5 vs 5 Forward
Center Left Wing Right Wing Time % Phy DF OF
1 Peter Mueller David Booth Martin Havlat 40 1 2 2
2 Dave Steckel Peter Worrell Mike Brown 30 1 2 2
3 Kevin Porter Mike York Andreas Nodl 20 1 2 2
4 David Booth Jeff Taffe Martin Havlat 10 1 2 2
5 vs 5 Defense
Defense Defense Time % Phy DF OF
1 Mike Lundin Branislav Mezei 40 1 2 2
2 Ryan O'Byrne François Beauchemin 30 1 2 2
3 Torey Krug Tim Ramholt 20 1 2 2
4 Mike Commodore A.J Thelen 10 1 2 2
PowerPlay Forward
Center Left Wing Right Wing Time % Phy DF OF
1 Peter Mueller David Booth Martin Havlat 60 1 2 2
2 Dave Steckel Peter Worrell Mike Brown 40 1 2 2
PowerPlay Defense
Defense Defense Time % Phy DF OF
1 Mike Lundin Branislav Mezei 60 1 2 2
2 Ryan O'Byrne François Beauchemin 40 1 2 2
Penalty Kill 4 Players Forward
Center Wing Time % Phy DF OF
1 David Booth Martin Havlat 60 1 2 2
2 Peter Worrell Mike York 40 1 2 2
Penalty Kill 4 Players Defense
Defense Defense Time % Phy DF OF
1 Mike Lundin Branislav Mezei 60 1 2 2
2 Ryan O'Byrne François Beauchemin 40 1 2 2
Penalty Kill - 3 Players Forward
Forward Time % Phy DF OF
1 David Booth 60 1 2 2
2 Martin Havlat 40 1 2 2
Penalty Kill - 3 Players Defense
Defense Defense Time % Phy DF OF
1 Mike Lundin Branislav Mezei 60 1 2 2
2 Ryan O'Byrne François Beauchemin 40 1 2 2
4 vs 4 Forward
Center Wing Time % Phy DF OF
1 David Booth Martin Havlat 60 1 2 2
2 Peter Worrell Mike York 40 1 2 2
4 vs 4 Defense
Defense Defense Time % Phy DF OF
1 Mike Lundin Branislav Mezei 60 1 2 2
2 Ryan O'Byrne François Beauchemin 40 1 2 2
Last Minutes Offensive
Center Left Wing Right Wing Defense Defense
Peter Mueller David Booth Martin Havlat Mike Lundin Branislav Mezei
Last Minutes Defensive
Center Left Wing Right Wing Defense Defense
Peter Mueller David Booth Martin Havlat Mike Lundin Branislav Mezei
Goaltenders
Starting : Rick DiPietro
Backup : Keith Kinkaid
Extra Forwards
Normal : Andreas Nodl, Jeff Taffe, Kevin Porter - PP : Andreas Nodl, Jeff Taffe - PK : Kevin Porter
Extra Defensemen
Normal : Torey Krug, Tim Ramholt, Mike Commodore - PP : Torey Krug - PK : Tim Ramholt, Mike Commodore
Penalty Shots
David Booth, Martin Havlat, Peter Worrell, Mike York, Mike Brown
Scratches
Antti Miettinen (Healthy), Jan Bulis (Left Knee Injury), Patrick O'Sullivan (Healthy)
Flames
5 vs 5 Forward
Center Left Wing Right Wing Time % Phy DF OF
1 Eric Staal Alexander Semin David Backes 40 0 2 3
2 Patrik Berglund Brad Marchand Jordin Tootoo 33 0 2 3
3 Colin Wilson Steve Regier Michel Ouellet 19 0 2 3
4 Mikhail Grabovski Marcus Nilson Jonathan Ferland 8 0 3 2
5 vs 5 Defense
Defense Defense Time % Phy DF OF
1 Sami Vatanen Erik Johnson 38 1 2 2
2 Lubomir Visnovsky Steve Eminger 29 1 2 2
3 Derek Meech Ron Hainsey 23 1 2 2
4 Lubomir Visnovsky Steve Eminger 10 1 2 2
PowerPlay Forward
Center Left Wing Right Wing Time % Phy DF OF
1 Eric Staal Alexander Semin David Backes 60 1 1 3
2 Patrik Berglund Steve Regier Jordin Tootoo 40 1 1 3
PowerPlay Defense
Defense Defense Time % Phy DF OF
1 Derek Meech Erik Johnson 60 1 1 3
2 Sami Vatanen Ron Hainsey 40 1 1 3
Penalty Kill 4 Players Forward
Center Wing Time % Phy DF OF
1 Mikhail Grabovski Alexander Semin 50 1 3 1
2 Eric Staal Jordin Tootoo 50 1 3 1
Penalty Kill 4 Players Defense
Defense Defense Time % Phy DF OF
1 Lubomir Visnovsky Steve Eminger 58 1 3 1
2 Derek Meech Erik Johnson 42 1 3 1
Penalty Kill - 3 Players Forward
Forward Time % Phy DF OF
1 Eric Staal 50 1 3 1
2 Alexander Semin 50 1 3 1
Penalty Kill - 3 Players Defense
Defense Defense Time % Phy DF OF
1 Lubomir Visnovsky Steve Eminger 58 1 3 1
2 Derek Meech Erik Johnson 42 1 3 1
4 vs 4 Forward
Center Wing Time % Phy DF OF
1 Eric Staal Alexander Semin 60 1 2 2
2 Patrik Berglund Jordin Tootoo 40 1 2 2
4 vs 4 Defense
Defense Defense Time % Phy DF OF
1 Derek Meech Erik Johnson 60 1 2 2
2 Lubomir Visnovsky Steve Eminger 40 1 2 2
Last Minutes Offensive
Center Left Wing Right Wing Defense Defense
Eric Staal Alexander Semin David Backes Sami Vatanen Erik Johnson
Last Minutes Defensive
Center Left Wing Right Wing Defense Defense
Eric Staal Alexander Semin David Backes Lubomir Visnovsky Erik Johnson
Goaltenders
Starting : Pekka Rinne
Backup : Josh Harding
Extra Forwards
Normal : Brad Marchand, Jordin Tootoo, Patrik Berglund - PP : Brad Marchand, Jordin Tootoo - PK : Brad Marchand
Extra Defensemen
Normal : Derek Meech, Steve Eminger, Lubomir Visnovsky - PP : Derek Meech - PK : Erik Johnson, Ron Hainsey
Penalty Shots
Eric Staal, Alexander Semin, David Backes, Patrik Berglund, Colin Wilson
Scratches
Brendan Mikkelson (Healthy)
% Time on Ice - Blue Jackets
Lines # - Real PCT - Wanted PCT - Time Play
Normal Forward
1 - 28% - 40% - 12:46
2 - 32% - 30% - 14:37
3 - 31% - 20% - 14:04
4 - 10% - 10% - 4:26
Normal Defense
1 - 37% - 40% - 17:03
2 - 25% - 30% - 11:35
3 - 21% - 20% - 9:42
4 - 16% - 10% - 7:33
PP Forward
1 - 58% - 60% - 3:26
2 - 42% - 40% - 2:31
PP Defense
1 - 59% - 60% - 3:32
2 - 41% - 40% - 2:25
PK Forward
1 - 70% - 60% - 5:45
2 - 30% - 40% - 2:25
PK Defense
1 - 59% - 60% - 4:47
2 - 41% - 40% - 3:23
PK3 Forward
1 - 0% - 60%
2 - 0% - 40%
PK3 Defense
1 - 0% - 60%
2 - 0% - 40%
44 Forward
1 - 70% - 60% - 3:31
2 - 30% - 40% - 1:29
44 Defense
1 - 59% - 60% - 2:56
2 - 41% - 40% - 2:04
Last Minute Offensive - 0:00
Last Minute Defensive - 0:00
Total
Forward - 65:00
Defense - 65:00
|
% Time on Ice - Flames
Lines # - Real PCT - Wanted PCT - Time Play
Normal Forward
1 - 31% - 40% - 14:13
2 - 25% - 33% - 11:32
3 - 27% - 19% - 12:30
4 - 17% - 8% - 7:38
Normal Defense
1 - 40% - 38% - 18:23
2 - 26% - 29% - 11:54
3 - 24% - 23% - 11:03
4 - 10% - 10% - 4:33
PP Forward
1 - 60% - 60% - 4:52
2 - 40% - 40% - 3:18
PP Defense
1 - 63% - 60% - 5:09
2 - 37% - 40% - 3:01
PK Forward
1 - 44% - 50% - 2:38
2 - 56% - 50% - 3:19
PK Defense
1 - 65% - 58% - 3:53
2 - 35% - 42% - 2:04
PK3 Forward
1 - 0% - 50%
2 - 0% - 50%
PK3 Defense
1 - 0% - 58%
2 - 0% - 42%
44 Forward
1 - 79% - 60% - 3:57
2 - 21% - 40% - 1:03
44 Defense
1 - 52% - 60% - 2:36
2 - 48% - 40% - 2:24
Last Minute Offensive - 0:00
Last Minute Defensive - 0:00
Total
Forward - 65:00
Defense - 65:00
|
Play by Play
1st period
0:01 of 1st period - Eric Staal wins face-off versus Peter Mueller in neutral zone.
0:14 of 1st period - Slapshot by David Backes.
0:14 of 1st period - Stopped by Rick DiPietro without a rebound.
0:15 of 1st period - Peter Worrell wins face-off versus Patrik Berglund in Blue Jackets zone.
0:40 of 1st period - Colin Wilson is hit by Kevin Porter and loses puck.
1:26 of 1st period - Slapshot by Alexander Semin.
1:26 of 1st period - Stopped by Rick DiPietro without a rebound.
1:27 of 1st period - Patrik Berglund wins face-off versus Dave Steckel in Blue Jackets zone.
1:51 of 1st period - Icing by David Booth.
1:52 of 1st period - David Booth wins face-off versus Mikhail Grabovski in Blue Jackets zone.
1:57 of 1st period - Mikhail Grabovski is hit by Mike Lundin and loses puck.
2:04 of 1st period - Jeff Taffe is hit by Marcus Nilson and loses puck.
2:17 of 1st period - Snap shot by Steve Regier.
2:17 of 1st period - Stopped by Rick DiPietro with a rebound.
2:33 of 1st period - Snap shot by David Booth.
2:33 of 1st period - Shot Blocked by Michel Ouellet.
2:49 of 1st period - Wrist shot by Martin Havlat.
2:49 of 1st period - Shot Misses the Net.
3:01 of 1st period - Snap shot by Martin Havlat.
3:01 of 1st period - Stopped by Pekka Rinne without a rebound.
3:02 of 1st period - Eric Staal wins face-off versus Kevin Porter in Flames zone.
3:02 of 1st period - Eric Staal is hit by Mike York.
3:10 of 1st period - Slapshot by David Backes.
3:10 of 1st period - Stopped by Rick DiPietro with a rebound.
3:18 of 1st period - Slapshot by Kevin Porter.
3:18 of 1st period - Shot Blocked by Alexander Semin.
3:28 of 1st period - Lubomir Visnovsky is hit by Torey Krug and loses puck.
3:34 of 1st period - Off-side.
3:35 of 1st period - Dave Steckel wins face-off versus Patrik Berglund in neutral zone.
5:52 of 1st period - Slapshot by Colin Wilson.
5:52 of 1st period - Shot Misses the Net.
6:08 of 1st period - Dave Steckel is hit by Jordin Tootoo and loses puck.
6:33 of 1st period - Andreas Nodl is hit by David Backes.
7:00 of 1st period - Slapshot by Alexander Semin.
7:00 of 1st period - Shot Blocked by Branislav Mezei.
8:33 of 1st period - Peter Mueller is hit by Mikhail Grabovski and loses puck.
9:38 of 1st period - Slapshot by Colin Wilson.
9:38 of 1st period - Shot Misses the Net.
9:58 of 1st period - Wrist shot by Steve Regier.
9:58 of 1st period - Stopped by Rick DiPietro with a rebound.
10:00 of 1st period - Snap shot by Michel Ouellet.
10:00 of 1st period - Stopped by Rick DiPietro with a rebound.
10:10 of 1st period - Snap shot by Steve Regier.
10:10 of 1st period - Shot Hit the Post.
10:12 of 1st period - Slapshot by Steve Eminger.
10:12 of 1st period - Stopped by Rick DiPietro with a rebound.
10:14 of 1st period - Snap shot by Lubomir Visnovsky.
10:14 of 1st period - Stopped by Rick DiPietro with a rebound.
10:16 of 1st period - Wrist shot by Steve Eminger.
10:16 of 1st period - Shot Misses the Net.
10:27 of 1st period - Minor Penalty to Tim Ramholt for Slashing.
10:28 of 1st period - David Booth wins face-off versus Eric Staal in Blue Jackets zone.
12:27 of 1st period - Penalty to Tim Ramholt is over, Tim Ramholt is back on ice.
12:37 of 1st period - Mike Brown is hit by Jonathan Ferland and loses puck.
13:12 of 1st period - Minor Penalty to A.J Thelen for Roughing.
13:13 of 1st period - Eric Staal wins face-off versus Martin Havlat in Blue Jackets zone.
13:15 of 1st period - Snap shot by David Backes.
13:15 of 1st period - Stopped by Rick DiPietro with a rebound.
14:12 of 1st period - Off-side.
14:13 of 1st period - Patrik Berglund wins face-off versus David Booth in neutral zone.
15:04 of 1st period - Slapshot by Peter Worrell.
15:04 of 1st period - Stopped by Pekka Rinne with a rebound.
15:12 of 1st period - Penalty to A.J Thelen is over, A.J Thelen is back on ice.
15:58 of 1st period - Snap shot by Kevin Porter.
15:58 of 1st period - Shot Misses the Net.
17:27 of 1st period - Martin Havlat is hit by Patrik Berglund.
18:41 of 1st period - Icing by Derek Meech.
18:42 of 1st period - Colin Wilson wins face-off versus David Booth in Flames zone.
18:49 of 1st period - Mike Lundin is hit by Jordin Tootoo.
19:04 of 1st period - Eric Staal is hit by Kevin Porter and loses puck.
19:23 of 1st period - Mike York is hit by Colin Wilson.
19:40 of 1st period - Icing by Branislav Mezei.
19:41 of 1st period - Dave Steckel wins face-off versus Mikhail Grabovski in Blue Jackets zone.
19:48 of 1st period - Snap shot by Mike Brown.
19:48 of 1st period - Deflect By Peter Worrell.
19:48 of 1st period - Shot Misses the Net.
19:48 of 1st period - Puck is out of play.
19:49 of 1st period - Eric Staal wins face-off versus Peter Mueller in Flames zone.
19:49 of 1st period - Eric Staal is hit by Branislav Mezei.
Goals for this period are 0 for Blue Jackets vs 0 for Flames.
Shots for this period are 2 for Blue Jackets vs 9 for Flames.
2nd period
0:01 of 2nd period - Peter Mueller wins face-off versus Eric Staal in neutral zone.
0:26 of 2nd period - Erik Johnson is hit by Dave Steckel and loses puck.
1:15 of 2nd period - Minor Penalty to Andreas Nodl for Hooking.
1:16 of 2nd period - Eric Staal wins face-off versus David Booth in Blue Jackets zone.
1:19 of 2nd period - Snap shot by Alexander Semin.
1:19 of 2nd period - Stopped by Rick DiPietro with a rebound.
1:21 of 2nd period - Slapshot by Alexander Semin.
1:21 of 2nd period - Stopped by Rick DiPietro with a rebound.
1:23 of 2nd period - Slapshot by Erik Johnson.
1:23 of 2nd period - Stopped by Rick DiPietro with a rebound.
1:31 of 2nd period - Derek Meech is hit by David Booth and loses puck.
1:54 of 2nd period - Jordin Tootoo is hit by Peter Worrell and loses puck.
2:43 of 2nd period - Alexander Semin is hit by Peter Worrell and loses puck.
3:15 of 2nd period - Penalty to Andreas Nodl is over, Andreas Nodl is back on ice.
3:16 of 2nd period - Steve Regier is hit by Andreas Nodl and loses puck.
4:01 of 2nd period - Slapshot by Steve Eminger.
4:01 of 2nd period - Shot Blocked by Dave Steckel.
4:52 of 2nd period - Mike Lundin is hit by Derek Meech.
5:45 of 2nd period - Minor Penalty to François Beauchemin for Tripping.
5:46 of 2nd period - David Booth wins face-off versus David Backes in Blue Jackets zone.
5:59 of 2nd period - Slapshot by Eric Staal.
5:59 of 2nd period - Goal by Eric Staal - Blue Jackets : 0 - Flames : 1.
6:00 of 2nd period - Eric Staal wins face-off versus Peter Mueller in neutral zone.
6:15 of 2nd period - Wrist shot by Eric Staal.
6:15 of 2nd period - Deflect By Alexander Semin.
6:15 of 2nd period - Stopped by Rick DiPietro with a rebound.
6:36 of 2nd period - Slapshot by Steve Eminger.
6:36 of 2nd period - Stopped by Rick DiPietro with a rebound.
6:43 of 2nd period - Icing by Mike Brown.
6:44 of 2nd period - Colin Wilson wins face-off versus Dave Steckel in Blue Jackets zone.
7:01 of 2nd period - Snap shot by Eric Staal.
7:01 of 2nd period - Stopped by Rick DiPietro without a rebound.
7:02 of 2nd period - Peter Mueller wins face-off versus Patrik Berglund in Blue Jackets zone.
7:27 of 2nd period - Sami Vatanen is hit by Kevin Porter and loses puck.
7:38 of 2nd period - Wrist shot by Mike York.
7:38 of 2nd period - Goal by Mike York - Blue Jackets : 1 - Flames : 1.
7:39 of 2nd period - Eric Staal wins face-off versus Peter Mueller in neutral zone.
7:46 of 2nd period - Slapshot by Mike Lundin.
7:46 of 2nd period - Shot Misses the Net.
7:48 of 2nd period - Snap shot by Branislav Mezei.
7:48 of 2nd period - Stopped by Pekka Rinne with a rebound.
7:50 of 2nd period - Snap shot by Branislav Mezei.
7:50 of 2nd period - Stopped by Pekka Rinne without a rebound.
7:51 of 2nd period - Eric Staal wins face-off versus Peter Mueller in Flames zone.
8:04 of 2nd period - Wrist shot by David Backes.
8:04 of 2nd period - Stopped by Rick DiPietro with a rebound.
8:06 of 2nd period - Slapshot by Sami Vatanen.
8:06 of 2nd period - Shot Misses the Net.
8:08 of 2nd period - Snap shot by Eric Staal.
8:08 of 2nd period - Deflect By Alexander Semin.
8:08 of 2nd period - Stopped by Rick DiPietro without a rebound.
8:09 of 2nd period - Patrik Berglund wins face-off versus Dave Steckel in Blue Jackets zone.
8:36 of 2nd period - Branislav Mezei is hit by Eric Staal and loses puck.
9:01 of 2nd period - Wrist shot by Marcus Nilson.
9:01 of 2nd period - Stopped by Rick DiPietro with a rebound.
9:13 of 2nd period - Wrist shot by Martin Havlat.
9:13 of 2nd period - Stopped by Pekka Rinne with a rebound.
9:15 of 2nd period - Slapshot by David Booth.
9:15 of 2nd period - Shot Blocked by Mikhail Grabovski.
9:17 of 2nd period - Snap shot by Peter Mueller.
9:17 of 2nd period - Stopped by Pekka Rinne without a rebound.
9:18 of 2nd period - Eric Staal wins face-off versus Dave Steckel in Flames zone.
9:18 of 2nd period - Eric Staal is hit by Peter Worrell.
9:34 of 2nd period - Ryan O'Byrne is hit by David Backes and loses puck.
9:49 of 2nd period - Off-side.
9:50 of 2nd period - Kevin Porter wins face-off versus Patrik Berglund in neutral zone.
9:56 of 2nd period - Minor Penalty to Jordin Tootoo for Interference.
9:57 of 2nd period - Alexander Semin wins face-off versus Peter Mueller in Flames zone.
10:09 of 2nd period - Snap shot by David Booth.
10:09 of 2nd period - Shot Blocked by Lubomir Visnovsky.
10:13 of 2nd period - Wrist shot by Martin Havlat.
10:13 of 2nd period - Shot Misses the Net.
11:04 of 2nd period - Derek Meech is hit by Peter Worrell and loses puck.
11:56 of 2nd period - Penalty to Jordin Tootoo is over, Jordin Tootoo is back on ice.
13:57 of 2nd period - Jeff Taffe is hit by Patrik Berglund and loses puck.
14:08 of 2nd period - Andreas Nodl is hit by David Backes.
14:43 of 2nd period - Wrist shot by Marcus Nilson.
14:43 of 2nd period - Shot Misses the Net.
14:49 of 2nd period - Ron Hainsey is hit by Mike Brown and loses puck.
16:43 of 2nd period - Wrist shot by Brad Marchand.
16:43 of 2nd period - Stopped by Rick DiPietro with a rebound.
16:45 of 2nd period - Slapshot by Steve Eminger.
16:45 of 2nd period - Shot Blocked by Tim Ramholt.
16:47 of 2nd period - Snap shot by Steve Eminger.
16:47 of 2nd period - Stopped by Rick DiPietro with a rebound.
16:49 of 2nd period - Snap shot by Alexander Semin.
16:49 of 2nd period - Stopped by Rick DiPietro with a rebound.
17:17 of 2nd period - David Booth is hit by Steve Regier and loses puck.
17:28 of 2nd period - Slapshot by Erik Johnson.
17:28 of 2nd period - Stopped by Rick DiPietro without a rebound.
17:29 of 2nd period - Eric Staal wins face-off versus Kevin Porter in Blue Jackets zone.
17:55 of 2nd period - A.J Thelen is hit by Steve Regier and loses puck.
18:13 of 2nd period - Lubomir Visnovsky is hit by François Beauchemin and loses puck.
18:18 of 2nd period - Wrist shot by Kevin Porter.
18:18 of 2nd period - Shot Blocked by Lubomir Visnovsky.
18:20 of 2nd period - Snap shot by Mike York.
18:20 of 2nd period - Deflect By Andreas Nodl.
18:20 of 2nd period - Stopped by Pekka Rinne with a rebound.
18:22 of 2nd period - Snap shot by Mike York.
18:22 of 2nd period - Stopped by Pekka Rinne with a rebound.
18:24 of 2nd period - Slapshot by Ryan O'Byrne.
18:24 of 2nd period - Shot Misses the Net.
18:26 of 2nd period - Snap shot by Andreas Nodl.
18:26 of 2nd period - Stopped by Pekka Rinne without a rebound.
18:27 of 2nd period - Eric Staal wins face-off versus David Booth in Flames zone.
18:32 of 2nd period - Branislav Mezei is hit by Erik Johnson.
18:40 of 2nd period - Alexander Semin is hit by Mike Lundin.
19:02 of 2nd period - Snap shot by Patrik Berglund.
19:02 of 2nd period - Stopped by Rick DiPietro without a rebound.
19:03 of 2nd period - Eric Staal wins face-off versus Dave Steckel in Blue Jackets zone.
19:06 of 2nd period - Snap shot by Alexander Semin.
19:06 of 2nd period - Shot Misses the Net.
19:08 of 2nd period - Slapshot by Sami Vatanen.
19:08 of 2nd period - Shot Misses the Net.
19:10 of 2nd period - Slapshot by Eric Staal.
19:10 of 2nd period - Stopped by Rick DiPietro with a rebound.
19:12 of 2nd period - Slapshot by Erik Johnson.
19:12 of 2nd period - Shot Blocked by Ryan O'Byrne.
19:18 of 2nd period - Snap shot by Alexander Semin.
19:18 of 2nd period - Shot Blocked by Ryan O'Byrne.
19:30 of 2nd period - Slapshot by Michel Ouellet.
19:30 of 2nd period - Shot Misses the Net.
19:32 of 2nd period - Slapshot by Steve Eminger.
19:32 of 2nd period - Stopped by Rick DiPietro without a rebound.
19:33 of 2nd period - Martin Havlat wins face-off versus Colin Wilson in Blue Jackets zone.
19:40 of 2nd period - Slapshot by Branislav Mezei.
19:40 of 2nd period - Stopped by Pekka Rinne with a rebound.
Goals for this period are 1 for Blue Jackets vs 1 for Flames.
Shots for this period are 9 for Blue Jackets vs 17 for Flames.
3rd period
0:01 of 3rd period - David Booth wins face-off versus Eric Staal in neutral zone.
0:10 of 3rd period - Slapshot by David Booth.
0:10 of 3rd period - Shot Blocked by Erik Johnson.
0:58 of 3rd period - Michel Ouellet is hit by Branislav Mezei and loses puck.
1:13 of 3rd period - Snap shot by Michel Ouellet.
1:13 of 3rd period - Shot Misses the Net.
1:47 of 3rd period - Wrist shot by Michel Ouellet.
1:47 of 3rd period - Shot Misses the Net.
1:49 of 3rd period - Wrist shot by Colin Wilson.
1:49 of 3rd period - Shot Misses the Net.
1:59 of 3rd period - Slapshot by Colin Wilson.
1:59 of 3rd period - Shot Misses the Net.
2:01 of 3rd period - Slapshot by Lubomir Visnovsky.
2:01 of 3rd period - Deflect By Steve Regier.
2:01 of 3rd period - Stopped by Rick DiPietro with a rebound.
2:05 of 3rd period - Snap shot by Michel Ouellet.
2:05 of 3rd period - Stopped by Rick DiPietro without a rebound.
2:06 of 3rd period - Eric Staal wins face-off versus Peter Mueller in Blue Jackets zone.
2:07 of 3rd period - Snap shot by Alexander Semin.
2:07 of 3rd period - Shot Misses the Net.
2:17 of 3rd period - Snap shot by Eric Staal.
2:17 of 3rd period - Shot Blocked by Martin Havlat.
2:21 of 3rd period - Backhand shot by David Backes.
2:21 of 3rd period - Shot Misses the Net.
2:23 of 3rd period - Slapshot by Sami Vatanen.
2:23 of 3rd period - Deflect By David Backes.
2:23 of 3rd period - Stopped by Rick DiPietro without a rebound.
2:24 of 3rd period - Dave Steckel wins face-off versus Patrik Berglund in Blue Jackets zone.
2:37 of 3rd period - Wrist shot by Mike Brown.
2:37 of 3rd period - Shot Misses the Net.
2:43 of 3rd period - Ryan O'Byrne is hit by Erik Johnson and loses puck.
2:56 of 3rd period - Snap shot by David Booth.
2:56 of 3rd period - Shot Misses the Net.
3:14 of 3rd period - Slapshot by Martin Havlat.
3:14 of 3rd period - Deflect By Jeff Taffe.
3:14 of 3rd period - Shot Blocked by Jonathan Ferland.
3:14 of 3rd period - Puck is out of play.
3:15 of 3rd period - Mikhail Grabovski wins face-off versus David Booth in Flames zone.
3:15 of 3rd period - Mikhail Grabovski is hit by Martin Havlat.
3:33 of 3rd period - Off-side.
3:34 of 3rd period - Dave Steckel wins face-off versus Eric Staal in neutral zone.
5:13 of 3rd period - Kevin Porter is hit by Ron Hainsey and loses puck.
5:22 of 3rd period - Snap shot by Brad Marchand.
5:22 of 3rd period - Deflect By Andreas Nodl.
5:22 of 3rd period - Stopped by Rick DiPietro without a rebound.
5:23 of 3rd period - Eric Staal wins face-off versus Peter Mueller in Blue Jackets zone.
5:36 of 3rd period - Wrist shot by David Booth.
5:36 of 3rd period - Stopped by Pekka Rinne with a rebound.
5:38 of 3rd period - Snap shot by David Booth.
5:38 of 3rd period - Stopped by Pekka Rinne with a rebound.
5:40 of 3rd period - Wrist shot by David Booth.
5:40 of 3rd period - Shot Blocked by David Backes.
5:46 of 3rd period - Minor Penalty to Steve Eminger for Cross-checking.
5:47 of 3rd period - Peter Mueller wins face-off versus Mikhail Grabovski in Flames zone.
5:50 of 3rd period - Wrist shot by Peter Mueller.
5:50 of 3rd period - Stopped by Pekka Rinne with a rebound.
5:52 of 3rd period - Slapshot by Peter Mueller.
5:52 of 3rd period - Stopped by Pekka Rinne with a rebound.
5:54 of 3rd period - Wrist shot by Mike Lundin.
5:54 of 3rd period - Stopped by Pekka Rinne without a rebound.
5:55 of 3rd period - Mikhail Grabovski wins face-off versus Peter Mueller in Flames zone.
6:28 of 3rd period - Slapshot by Martin Havlat.
6:28 of 3rd period - Stopped by Pekka Rinne with a rebound.
6:30 of 3rd period - Slapshot by Branislav Mezei.
6:30 of 3rd period - Shot Blocked by Jordin Tootoo.
6:32 of 3rd period - Snap shot by David Booth.
6:32 of 3rd period - Shot Misses the Net.
6:34 of 3rd period - Snap shot by David Booth.
6:34 of 3rd period - Deflect By Martin Havlat.
6:34 of 3rd period - Shot Misses the Net.
6:34 of 3rd period - Puck is out of play.
6:35 of 3rd period - Dave Steckel wins face-off versus Mikhail Grabovski in Flames zone.
7:20 of 3rd period - Jordin Tootoo is hit by François Beauchemin and loses puck.
7:46 of 3rd period - Penalty to Steve Eminger is over, Steve Eminger is back on ice.
7:52 of 3rd period - Slapshot by Ron Hainsey.
7:52 of 3rd period - Shot Blocked by Kevin Porter.
7:56 of 3rd period - Snap shot by Colin Wilson.
7:56 of 3rd period - Stopped by Rick DiPietro without a rebound.
7:57 of 3rd period - Colin Wilson wins face-off versus Kevin Porter in Blue Jackets zone.
8:01 of 3rd period - Minor Penalty to Tim Ramholt for Interference.
8:02 of 3rd period - David Booth wins face-off versus Eric Staal in Blue Jackets zone.
8:02 of 3rd period - David Booth is hit by Derek Meech.
9:37 of 3rd period - Patrik Berglund is hit by Branislav Mezei.
10:01 of 3rd period - Penalty to Tim Ramholt is over, Tim Ramholt is back on ice.
10:09 of 3rd period - Slapshot by Mikhail Grabovski.
10:09 of 3rd period - Shot Misses the Net.
10:11 of 3rd period - Slapshot by Lubomir Visnovsky.
10:11 of 3rd period - Shot Misses the Net.
10:13 of 3rd period - Snap shot by Jonathan Ferland.
10:13 of 3rd period - Stopped by Rick DiPietro without a rebound.
10:14 of 3rd period - Dave Steckel wins face-off versus Mikhail Grabovski in Blue Jackets zone.
10:25 of 3rd period - Wrist shot by Dave Steckel.
10:25 of 3rd period - Shot Blocked by Marcus Nilson.
10:39 of 3rd period - Ryan O'Byrne is hit by Colin Wilson and loses puck.
11:04 of 3rd period - Minor Penalty to Sami Vatanen for Slashing.
11:05 of 3rd period - Mikhail Grabovski wins face-off versus Peter Mueller in Flames zone.
11:34 of 3rd period - Mike Lundin is hit by Jordin Tootoo and loses puck.
11:42 of 3rd period - Slapshot by Lubomir Visnovsky.
11:42 of 3rd period - Deflect By Eric Staal.
11:42 of 3rd period - Shot Misses the Net.
11:42 of 3rd period - Puck is out of play.
11:43 of 3rd period - Mikhail Grabovski wins face-off versus Peter Mueller in Blue Jackets zone.
12:14 of 3rd period - Wrist shot by Peter Worrell.
12:14 of 3rd period - Stopped by Pekka Rinne with a rebound.
12:16 of 3rd period - Slapshot by François Beauchemin.
12:16 of 3rd period - Shot Blocked by Erik Johnson.
13:04 of 3rd period - Penalty to Sami Vatanen is over, Sami Vatanen is back on ice.
14:18 of 3rd period - Wrist shot by Derek Meech.
14:18 of 3rd period - Stopped by Rick DiPietro with a rebound.
14:20 of 3rd period - Wrist shot by Mikhail Grabovski.
14:20 of 3rd period - Shot Misses the Net.
14:22 of 3rd period - Snap shot by Marcus Nilson.
14:22 of 3rd period - Stopped by Rick DiPietro without a rebound.
14:23 of 3rd period - Dave Steckel wins face-off versus Mikhail Grabovski in Blue Jackets zone.
14:53 of 3rd period - Snap shot by Jordin Tootoo.
14:53 of 3rd period - Shot Blocked by Martin Havlat.
15:04 of 3rd period - Branislav Mezei is hit by Erik Johnson and loses puck.
15:23 of 3rd period - Snap shot by Mike Brown.
15:23 of 3rd period - Stopped by Pekka Rinne without a rebound.
15:24 of 3rd period - Eric Staal wins face-off versus Dave Steckel in Flames zone.
15:24 of 3rd period - Eric Staal is hit by Torey Krug.
15:40 of 3rd period - Wrist shot by Peter Worrell.
15:40 of 3rd period - Deflect By Mike Brown.
15:40 of 3rd period - Shot Blocked by Eric Staal.
15:40 of 3rd period - Puck is out of play.
15:41 of 3rd period - Jeff Taffe wins face-off versus Patrik Berglund in Flames zone.
16:37 of 3rd period - Wrist shot by Andreas Nodl.
16:37 of 3rd period - Stopped by Pekka Rinne without a rebound.
16:38 of 3rd period - Eric Staal wins face-off versus Kevin Porter in Flames zone.
16:51 of 3rd period - Wrist shot by Alexander Semin.
16:51 of 3rd period - Stopped by Rick DiPietro with a rebound.
17:01 of 3rd period - Jordin Tootoo is hit by Andreas Nodl and loses puck.
17:11 of 3rd period - Slapshot by Brad Marchand.
17:11 of 3rd period - Stopped by Rick DiPietro with a rebound.
18:42 of 3rd period - Dave Steckel is hit by Lubomir Visnovsky and loses puck.
Goals for this period are 0 for Blue Jackets vs 0 for Flames.
Shots for this period are 9 for Blue Jackets vs 10 for Flames.
Overtime #1
0:01 of 1st overtime period - Eric Staal wins face-off versus David Booth in neutral zone.
0:43 of 1st overtime period - Off-side.
0:44 of 1st overtime period - Mike York wins face-off versus Patrik Berglund in neutral zone.
0:47 of 1st overtime period - Jordin Tootoo is hit by Mike York and loses puck.
2:08 of 1st overtime period - Peter Worrell is hit by Patrik Berglund and loses puck.
2:33 of 1st overtime period - Andreas Nodl is hit by Alexander Semin and loses puck.
3:29 of 1st overtime period - Kevin Porter is hit by Marcus Nilson and loses puck.
3:42 of 1st overtime period - Alexander Semin is hit by Torey Krug and loses puck.
3:53 of 1st overtime period - Torey Krug is hit by Steve Eminger and loses puck.
4:02 of 1st overtime period - Icing by Sami Vatanen.
4:03 of 1st overtime period - Patrik Berglund wins face-off versus Martin Havlat in Flames zone.
4:28 of 1st overtime period - Alexander Semin is hit by Peter Worrell and loses puck.
4:49 of 1st overtime period - Snap shot by Eric Staal.
4:49 of 1st overtime period - Shot Blocked by Martin Havlat.
Goals for this period are 0 for Blue Jackets vs 0 for Flames.
Shots for this period are 0 for Blue Jackets vs 0 for Flames.
ShootOut
5:00 of 1st overtime period - Penalty Shot by David Booth for Blue Jackets.
5:00 of 1st overtime period - Wrist shot by David Booth.
5:00 of 1st overtime period - Stopped by Pekka Rinne.
5:00 of 1st overtime period - Penalty Shot by Eric Staal for Flames.
5:00 of 1st overtime period - Wrist shot by Eric Staal.
5:00 of 1st overtime period - Goal by Eric Staal.
5:00 of 1st overtime period - Penalty Shot by Martin Havlat for Blue Jackets.
5:00 of 1st overtime period - Wrist shot by Martin Havlat.
5:00 of 1st overtime period - Shot Misses the Net.
5:00 of 1st overtime period - Penalty Shot by Alexander Semin for Flames.
5:00 of 1st overtime period - Wrist shot by Alexander Semin.
5:00 of 1st overtime period - Goal by Alexander Semin.
Back to the Top